 Dungeon Crawl Stone Soup version 0.21.1-1-g345015fe64 (webtiles) character file.

1046 Oravi the Slinger (level 8, -1/54 HPs)
             Began as a Halfling Hunter on Apr 20, 2018.
             Slain by a large slime creature (37 damage)
             ... on level 5 of the Dungeon.
             The game lasted 00:13:39 (4753 turns).

Oravi the Slinger (Halfling Hunter)                 Turns: 4753, Time: 00:13:40

Health: -1/54      AC:  5    Str: 13    XL:     8   Next: 50%
Magic:  8/8        EV: 15    Int:  9    God:
Gold:   262        SH:  5    Dex: 17    Spells: 7/7 levels left

rFire    . . .     SeeInvis .   a - +2 hunting sling
rCold    . . .     Gourm    .   s - +0 buckler
rNeg     . . .     Faith    .   c - +1 leather armour
rPois    .         Spirit   .   r - +0 helmet
rElec    .         Reflect  .   (no cloak)
rCorr    .         Harm     .   (no gloves)
MR       .....                  (no boots)
Stlth    ++........             (no amulet)
HPRegen  0.18/turn              (no ring)
MPRegen  0.11/turn              (no ring)

@: no status effects
A: small, mutation resistance 1
a: no special abilities


You were on level 5 of the Dungeon.
You were hungry.

You visited 2 branches of the dungeon, and saw 6 of its levels.

You collected 262 gold pieces.

Inventory:

Hand Weapons
 a - a +2 hunting sling (weapon)
 b - a +0 short sword
 y - a +2 short sword of holy wrath
Missiles
 d - 65 sling bullets (quivered)
 e - 129 stones
Armour
 c - a +1 leather armour (worn)
 r - a +0 helmet (worn)
 s - a +0 buckler (worn)
Jewellery
 g - an uncursed amulet of rage {unknown}
 i - an uncursed amulet of regeneration {unknown}
Wands
 o - a wand of flame (29)
Scrolls
 k - 2 scrolls of teleportation
 l - a scroll of enchant weapon
 m - a scroll of fog {unknown}
 p - a scroll of amnesia {unknown}
 q - a scroll of blinking {unknown}
 t - a scroll of remove curse
 v - a scroll of magic mapping {unknown}
 x - 2 scrolls of identify {unknown}
Potions
 h - a potion of haste
 j - 2 potions of ambrosia
 n - a potion of experience {unknown}
 u - a potion of degeneration {unknown}
 w - a potion of resistance {unknown}
Comestibles
 f - 8 rations


   Skills:
 + Level 3.9 Fighting
 - Level 12.0 Slings
 + Level 3.0 Armour
 + Level 3.1 Dodging
 - Level 1.1 Stealth
 + Level 0.7 Shields


You had 7 spell levels left.
You didn't know any spells.

Dungeon Overview and Level Annotations

Branches:
Dungeon (5/15)             Temple (1/1) D:5

Altars:
Ashenzari
Cheibriados
Dithmenos
Elyvilon
Fedhas
Gozag
Hepliaklqana
Kikubaaqudgha
Makhleb
Nemelex Xobeh
Qazlal
Ru
Sif Muna
Trog
Uskayaw
Vehumet
Wu Jian
Xom
Yredelemnul
Zin
The Shining One


Innate Abilities, Weirdness & Mutations

You are small and have problems with some larger weapons.
You are somewhat resistant to further mutation.


Message History

Press: ? - help, Shift-Dir - straight line, f/p - large slime creature
Aim: a large slime creature (moderately wounded)
You shoot a sling bullet.
The sling bullet hits the large slime creature.
The large slime creature is moderately wounded.
Firing (i - inventory. (,) - cycle):
d - 67 sling bullets (quivered)
Press: ? - help, Shift-Dir - straight line, f/p - large slime creature
Aim: a large slime creature (moderately wounded)
You shoot a sling bullet.
The sling bullet hits the large slime creature!
The large slime creature is moderately wounded.
Firing (i - inventory. (,) - cycle):
d - 66 sling bullets (quivered)
Press: ? - help, Shift-Dir - straight line, f/p - large slime creature
Aim: a large slime creature (moderately wounded)
You shoot a sling bullet.
The sling bullet hits the large slime creature.
The large slime creature is heavily wounded.
The large slime creature hits you!!!
Ouch! That really hurt!
You die...

####...###.######....(##
##...#####....##..)....#
........#####.##.......#
#....##.#####.##.......#
#.##.##.......##.......#
.#.#.#.#.##########....#
#.#.#.#.#.# ##..)....#
.#.#.#.#.## #.########
#.#.#.#.#.# ##@JJKJ(##
.#.#.#.#.## #######J#
#.#.#.#.#.# .....K.J.#
.#.#.#.#.## ...JJJ÷÷÷#
#.#.#.#.#.# .P..JJ...#
.#.#.#.#.### ÷P.......#
#.#.#.#.#..# ....÷....#
.#.#.#.#.#.# [P.....P÷#
#.#.#.#.#..# ##########


You could see a large slime creature, a slime creature, a big kobold, a jelly
and an ooze.

Vanquished Creatures
  Edmund (D:4)
  A centaur (D:5)
  4 big kobolds (D:5)
  A bullfrog (D:5)
  A scorpion (D:5)
  A water moccasin skeleton (D:4)
  2 hounds (D:5)
  2 jellies (D:5)
  An orc wizard (D:4)
  A bullfrog skeleton (D:5)
  3 worker ants
  2 hound skeletons (D:5)
  4 adders
  2 oozes
  2 worms
  3 dart slugs
  6 leopard geckos
  8 orcs
  5 giant cockroaches
  10 goblins
  9 hobgoblins
  3 jackals (D:1)
  9 bats
  9 frilled lizards
  5 kobolds
  A leopard gecko zombie (D:5)
  6 rats
  A bush (D:1)
103 creatures vanquished.

Vanquished Creatures (others)
  5 fungi (D:5)
  7 toadstools (D:5)
12 creatures vanquished.

Grand Total: 115 creatures vanquished

Notes
Turn   | Place    | Note
-------+----------+-------------------------------------------
     0 | D:1      | Oravi the Halfling Hunter began the quest for the Orb.
     0 | D:1      | Reached XP level 1. HP: 14/14 MP: 1/1
    26 | D:1      | Reached skill level 6 in Slings
    34 | D:1      | Reached XP level 2. HP: 13/19 MP: 2/2
   283 | D:1      | Reached XP level 3. HP: 24/24 MP: 3/3
   524 | D:1      | Reached skill level 7 in Slings
  1415 | D:2      | Reached XP level 4. HP: 26/29 MP: 4/4
  1548 | D:2      | Reached skill level 8 in Slings
  1818 | D:2      | Reached XP level 5. HP: 34/34 MP: 5/5
  2876 | D:4      | Reached skill level 9 in Slings
  2942 | D:4      | Reached skill level 1 in Armour
  2942 | D:4      | Reached XP level 6. HP: 16/41 MP: 6/6
  3409 | D:4      | Noticed Edmund
  3431 | D:4      | Killed Edmund
  3691 | D:5      | Entered Level 5 of the Dungeon
  3708 | D:5      | Reached XP level 7. HP: 34/45 MP: 7/7
  3860 | D:5      | Reached skill level 10 in Slings
  3964 | D:5      | Found a staircase to the Ecumenical Temple.
  3981 | Temple   | Entered the Ecumenical Temple
  4218 | D:5      | Reached skill level 11 in Slings
  4432 | D:5      | Reached XP level 8. HP: 52/52 MP: 8/8
  4474 | D:5      | Found the +7 Spriggan's Knife {MR+ EV+4 Dex+4 Stlth+}
  4724 | D:5      | Reached skill level 12 in Slings
  4737 | D:5      | Noticed a slime creature
  4737 | D:5      | Noticed a slime creature
  4737 | D:5      | Noticed a slime creature
  4753 | D:5      | Slain by a large slime creature

Skill      XL: |  1  2  3  4  5  6  7  8 |
---------------+-------------------------+-----
Slings         | 6 7 8 9 11 12 | 12.0
Fighting       | 2 3 |  3.9
Armour         | 1 2 3 |  3.0
Dodging        | 3 |  3.1
Stealth        | |  1.1
Shields        | |  0.7

Action                   |  1- 3 |  4- 6 |  7- 9 || total
-------------------------+-------+-------+-------++-------
Melee: Short sword       |   277 |       |    11 ||   288
 Fire: Hunting sling     |    96 |   182 |   139 ||   417
  Use: Scroll            |     1 |     5 |       ||     6
       Potion            |       |       |     3 ||     3
  Eat: Ration            |     1 |       |       ||     1
       Chunk             |       |     5 |     3 ||     8
Armor: Leather armour    |     5 |     7 |    14 ||    26
Dodge: Dodged            |    26 |    23 |    34 ||    83
Block: Buckler           |       |     2 |    11 ||    13
